 Dungeon Crawl Stone Soup version 0.22-a0-322-g60b3cfd (webtiles) character file.

379 Kairos the Chopper (level 7, -4/54 HPs)
             Began as a Human Fighter on Apr 3, 2018.
             Slain by Paps's ghost (5 damage)
             ... on level 5 of the Dungeon.
             The game lasted 00:06:53 (3524 turns).

Kairos the Chopper (Human Fighter)                  Turns: 3524, Time: 00:06:54

Health: -4/54      AC:  7    Str: 21    XL:     7   Next: 4%
Magic:  7/7        EV:  8    Int:  8    God:
Gold:   272        SH: 10    Dex: 15    Spells: 6/6 levels left

rFire    . . .     SeeInvis .   a - +0 war axe
rCold    . . .     Gourm    .   c - +0 shield
rNeg     . . .     Faith    .   b - +0 scale mail
rPois    .         Spirit   .   (no helmet)
rElec    .         Reflect  .   (no cloak)
rCorr    +         Harm     .   (no gloves)
MR       .....                  (no boots)
Stlth    ..........             (no amulet)
HPRegen  0.18/turn              h - ring of resist corrosion
MPRegen  0.10/turn              (no ring)

@: mighty, very slightly contaminated, invisible
A: no striking features
a: no special abilities


You were on level 5 of the Dungeon.
You were hungry.

You visited 1 branch of the dungeon, and saw 5 of its levels.

You collected 272 gold pieces.

Inventory:

Hand Weapons
 a - a +0 war axe (weapon)
Armour
 b - a +0 scale mail (worn)
 c - a +0 shield (worn)
Jewellery
 h - a ring of resist corrosion (left hand)
Wands
 p - a wand of paralysis (17)
Scrolls
 e - 3 scrolls of amnesia
 g - 2 scrolls of magic mapping
 k - 4 scrolls of blinking
 q - 2 scrolls of remove curse
 t - 2 scrolls of fog
 u - a scroll of teleportation {unknown}
Potions
 j - a potion of haste
 l - a potion of resistance {unknown}
 n - 2 potions of flight
 o - a potion of degeneration {unknown}
 r - a potion of brilliance
 s - a potion of cancellation
Comestibles
 f - 4 rations


   Skills:
 + Level 4.0 Fighting
 + Level 4.6 Axes
 + Level 4.0 Armour
 + Level 1.4 Dodging
 + Level 4.1 Shields


You had 6 spell levels left.
You didn't know any spells.

Dungeon Overview and Level Annotations

Branches:
Dungeon (5/15)
 Temple: D:4-7

Altars:
Qazlal
Sif Muna

Annotations:
D:5 Paps's ghost, novice OpEn; Pikel


Message History

Pikel hits you but does no damage. The slave hits you.
Paps's ghost hits you but does no damage.
Unknown command.
You're too confused to move!
Pikel hits you with a whip of flaming! Pikel burns you. The slave hits you.
* * * LOW HITPOINT WARNING * * *
Paps's ghost hits you but does no damage.
Unknown command.
You miss Pikel.
Pikel is almost dead.
You barely miss Paps's ghost. You closely miss the slave.
You feel less confused. Pikel hits you with a whip of flaming.
* * * LOW HITPOINT WARNING * * *
Pikel burns you.
* * * LOW HITPOINT WARNING * * *
The slave hits you!
* * * LOW HITPOINT WARNING * * *
Paps's ghost hits you.
You die...

#.....############
##'####.......#...
##....#.......#...
#.....#.......#...
#.....#.......'...
######..##.......####
#....#'######........
#....#......#........
#..K@W......#........
#..[p#'###...........
###..[......######...
#....<....# #...
#.........# #...
#.........# #...
########### ####


You could see Pikel, a slave and Paps's ghost.

Vanquished Creatures
  3 slaves
  A necrophage (D:5)
  A bullfrog (D:3)
  A crimson imp (D:5)
  A hound (D:5)
  A centaur skeleton (D:5)
  A worker ant (D:4)
  A howler monkey skeleton (D:4)
  4 adders
  2 oozes
  3 dart slugs
  3 orcs
  5 giant cockroaches
  8 goblins
  A hobgoblin (D:3)
  4 jackals (D:1)
  2 quokkas
  14 bats
  3 frilled lizards (D:1)
  6 kobolds
  A quokka skeleton (D:4)
  3 rats
69 creatures vanquished.

Notes
Turn   | Place    | Note
-------+----------+-------------------------------------------
     0 | D:1      | Kairos the Human Fighter began the quest for the Orb.
     0 | D:1      | Reached XP level 1. HP: 18/18 MP: 1/1
    63 | D:1      | Reached XP level 2. HP: 24/24 MP: 2/2
   265 | D:1      | Reached XP level 3. HP: 28/29 MP: 3/3
   903 | D:2      | Reached XP level 4. HP: 23/35 MP: 4/4
   920 | D:2      | Found a stormy altar of Qazlal.
   964 | D:2      | Found a faded altar of an unknown god.
  1615 | D:3      | Noticed a bullfrog
  1624 | D:3      | Killed a bullfrog
  1624 | D:3      | Reached skill level 1 in Dodging
  1624 | D:3      | Reached XP level 5. HP: 18/41 MP: 5/5
  2652 | D:4      | Found a deep blue altar of Sif Muna.
  2701 | D:5      | Entered Level 5 of the Dungeon
  2701 | D:5      | Noticed a necrophage
  2714 | D:5      | Reached XP level 6. HP: 39/47 MP: 6/6
  2719 | D:5      | Killed a necrophage
  3015 | D:5      | Noticed a slave
  3015 | D:5      | Noticed a slave
  3016 | D:5      | Noticed Pikel
  3016 | D:5      | Noticed a slave
  3016 | D:5      | Noticed a slave
  3048 | D:5      | Noticed Paps's ghost (novice OpEn)
  3093 | D:4      | Killed a slave
  3441 | D:5      | Reached XP level 7. HP: 43/54 MP: 7/7
  3524 | D:5      | HP: 1/54 [slave[Pikel] (7)]
  3524 | D:5      | Slain by Paps's ghost

Vault maps used:
D:1:      dpeg_arrival_lava_temple_mockup
D:2:      nicolae_qazlal_eye_of_the_storm, chequers_ecumenical_altar_simple
D:3:      serial_park_tiny_pond, corexii_corridor_pit
D:4:      led_sif_pool, first_ration
D:5:      uniq_pikel

Skill      XL: |  1  2  3  4  5  6 |
---------------+-------------------+-----
Axes           | 3 4 |  4.6
Dodging        | 1 |  1.4
Armour         | 4 |  4.0
Shields        | 4 |  4.1
Fighting       | 4 |  4.0

Action                   |  1- 3 |  4- 6 |  7- 9 || total
-------------------------+-------+-------+-------++-------
Melee: War axe           |    82 |   192 |    19 ||   293
Evoke: Wand              |       |       |     1 ||     1
  Use: Scroll            |       |    12 |       ||    12
       Potion            |       |       |     4 ||     4
 Stab: Paralysed         |       |       |     3 ||     3
       Invisible         |       |       |     2 ||     2
  Eat: Chunk             |       |     5 |       ||     5
       Ration            |       |     1 |       ||     1
Armor: Scale mail        |    57 |    95 |    14 ||   166
Dodge: Dodged            |    28 |    52 |    19 ||    99
Block: Shield            |    48 |   110 |    20 ||   178

Table legend:
 A = Spawn XP
 B = Non-spawn XP
 C = Spawn XP percentage of total XP
 D = Spawn monster count
 E = Non-spawn monster count
 F = Spawn count percentage of total count
 G = Total turns spent on level
                    A         B        C        D         E        F      G
               +---------+---------+-------+---------+---------+-------+---------
         Total |       0 |     542 |   0.0 |       0 |      66 |   0.0 |  3524
               +---------+---------+-------+---------+---------+-------+---------
           D:1 |       0 |      44 |   0.0 |       0 |      26 |   0.0 |   837
           D:2 |       0 |      34 |   0.0 |       0 |      11 |   0.0 |   428
           D:3 |       0 |     129 |   0.0 |       0 |      16 |   0.0 |  1003
           D:4 |       0 |      56 |   0.0 |       0 |       5 |   0.0 |   756
           D:5 |       0 |     279 |   0.0 |       0 |       8 |   0.0 |   500
               +---------+---------+-------+---------+---------+-------+---------
